 Dungeon Crawl Stone Soup version 0.25-a0-85-g7617fd2bc2 (webtiles) character file.

Game seed: 16568545634297618108, levelgen mode: deterministic

189 MrRokkomies the Ruffian (level 5, -3/48 HPs)
             Began as a Ghoul Monk on Nov 8, 2019.
             Slain by an orc
             ... wielding a +0 mace
              (6 damage)
             ... on level 3 of the Dungeon.
             The game lasted 00:06:41 (1982 turns).

MrRokkomies the Ruffian (Ghoul Monk)                Turns: 1982, Time: 00:06:42

Health: -3/48      AC:  6    Str: 21    XL:     5   Next: 68%
Magic:  4/4        EV: 10    Int:  5    God:
Gold:   106        SH:  0    Dex: 11    Spells: 4/4 levels left

rFire    . . .     SeeInvis .     - Unarmed
rCold    + . .     Gourm    .   (no shield)
rNeg     + + +     Faith    .   j - +0 scale mail
rPois    ∞         Spirit   .   (no helmet)
rElec    .         Reflect  .   (no cloak)
rCorr    .         Harm     .   (no gloves)
MR       .....                  (no boots)
Stlth    ..........             (no amulet)
HPRegen  0.00/turn              (no ring)
MPRegen  0.09/turn              (no ring)

@: mighty, rotting, slowed, very slow
A: rotting body, claws 1, carnivore, cold resistance 1, negative energy
resistance 3, inhibited regeneration, torment resistance, unbreathing
a: no special abilities


You were on level 3 of the Dungeon.
You were not hungry.

You visited 1 branch of the dungeon, and saw 3 of its levels.

You collected 106 gold pieces.

Inventory:

Hand Weapons
 i - a +1 hunting sling
Missiles
 k - 57 stones (quivered)
 m - 37 sling bullets
Armour
 a - a +0 robe
 j - a +0 scale mail (worn)
Wands
 d - a wand of polymorph (12)
Scrolls
 c - a scroll of immolation
 n - a scroll of remove curse
Potions
 h - a potion of flight
Comestibles
 b - 7 rations


   Skills:
 * Level 5.3 Fighting
 - Level 2.6 Dodging
 - Level 2.1 Stealth
 * Level 5.3 Unarmed Combat


You had 4 spell levels left.
You didn't know any spells.
Your spell library was empty.

Dungeon Overview and Level Annotations

Branches:
Dungeon (3/15)

Altars:


Innate Abilities, Weirdness & Mutations

Your body is rotting away.
You thrive on raw meat.
You are immune to poison.
You have sharp fingernails.
You are carnivorous and can eat meat at any time.
Your flesh is cold resistant. (rC+)
You are immune to negative energy. (rN+++)
You do not regenerate when monsters are visible.
You are immune to unholy pain and torment.
You can survive without breathing.


Message History

The orc wizard hits you but does no damage.
The orc completely misses you.
The orc wizard hits you with a +0 dagger.
* * * LOW HITPOINT WARNING * * *
The orc barely misses you.
As you read the scroll of fear, it crumbles to dust.
You assume a fearsome visage.
The orc wizard looks frightened!
The orc looks frightened!
The orc wizard mumbles some strange words.
The orc wizard blinks!
The orc wizard gestures wildly while chanting.
The orc wizard blinks!
The orc wizard mumbles some strange words.
The orc wizard blinks!
Items here: )) [[ † a +0 hand axe; a +0 leather armour; a +3 dagger; a +0 robe; an orc corpse Cornered, the orc turns to fight!
An orc comes into view.
The orc hits you with a +0 mace.
You die...

## #. #..
... #.#
#..####
#..#o#
#..@.#######
#.##......o.
#.b#)#.###.#
#..#)# #
#..#)#
#....#
#.##...# #
..#.# .##.#


You could see 2 orcs.

Vanquished Creatures
  An orc priest (D:3)
  2 orc wizards (D:3)
  An adder (D:2)
  4 gnolls (D:2)
  2 oozes
  A dart slug (D:2)
  2 leopard geckos
  4 orcs (D:3)
  A giant cockroach (D:1)
  5 goblins
  2 hobgoblins (D:1)
  2 quokkas (D:2)
  8 bats
  5 frilled lizards
  3 kobolds
  6 rats
49 creatures vanquished.

Notes
Turn   | Place    | Note
-------+----------+-------------------------------------------
     0 | D:1      | MrRokkomies the Ghoul Monk began the quest for the Orb.
     0 | D:1      | Reached XP level 1. HP: 19/19 MP: 0/0
   207 | D:1      | Reached XP level 2. HP: 25/26 MP: 1/1
   387 | D:1      | Reached XP level 3. HP: 26/33 MP: 2/2
   666 | D:1      | HP: 1/33 [kobold (1)]
  1410 | D:2      | Reached XP level 4. HP: 41/41 MP: 3/3
  1954 | D:3      | Reached XP level 5. HP: 8/47 MP: 4/4
  1962 | D:3      | Reached skill level 5 in Fighting
  1967 | D:3      | Reached skill level 5 in Unarmed Combat
  1982 | D:3      | Slain by an orc

Levels and vault maps discovered:
D:1:      dpeg_arrival_erosion, layout_rooms, chequers_serial_rivers_micro_b,
          minmay_small_reverse_x
D:2:      layout_basic
D:3:      layout_rooms, makhleb_blood_cavern_becter, ebering_ghost_sewer_d

Skill      XL: |  1  2  3  4  5 |
---------------+----------------+-----
Fighting       | 4 5 |  5.3
Unarmed Combat | 4 5 |  5.3
Dodging        | |  2.6
Stealth        | |  2.1

Action                   |  1- 3 |  4- 6 || total
-------------------------+-------+-------++-------
Melee: Unarmed           |    93 |    85 ||   178
       Punch             |     3 |       ||     3
 Fire: Hunting sling     |     5 |     5 ||    10
  Use: Scroll            |     7 |     3 ||    10
       Potion            |       |     1 ||     1
 Stab: Sleeping          |     2 |       ||     2
  Eat: Chunk             |     5 |     5 ||    10
Armor: Robe              |    23 |       ||    23
       Scale mail        |    17 |    36 ||    53
Dodge: Dodged            |    72 |    49 ||   121

Table legend:
 A = Non-vault XP
 B = Vault XP
 C = Vault XP percentage of total XP
 D = Non-vault monster count
 E = Vault monster count
 F = Vault count percentage of total count
                 A         B        C        D         E       F
            +---------+---------+-------+---------+---------+-------
      Total |     259 |      12 |   4.4 |      45 |       4 |   8.2
            +---------+---------+-------+---------+---------+-------
        D:1 |      27 |      12 |  30.8 |      19 |       4 |  17.4
        D:2 |     101 |       0 |   0.0 |      18 |       0 |   0.0
        D:3 |     131 |       0 |   0.0 |       8 |       0 |   0.0
            +---------+---------+-------+---------+---------+-------
